 Dungeon Crawl Stone Soup version 0.21.1-1-g345015f (webtiles) character file.

28 suicidejoker the Insei (level 3, -2/34 HPs)
             Began as an Octopode Transmuter on Apr 8, 2018.
             Slain by an adder (5 damage)
             ... on level 2 of the Dungeon.
             The game lasted 00:03:16 (1891 turns).

suicidejoker the Insei (Octopode Transmuter)        Turns: 1891, Time: 00:03:16

Health: -2/34      AC:  1    Str: 12 (15) XL:     3   Next: 12%
Magic:  6/6        EV: 13    Int: 14 (15) God:
Gold:   120        SH:  0    Dex:  9 (12) Spells: 5/6 levels left

rFire    + . .     SeeInvis .     - Unarmed
rCold    + . .     Gourm    .   (no shield)
rNeg     . . .     Faith    .   (helmet restricted)
rPois    +         Spirit   .   l - amulet of inaccuracy (curse)
rElec    +         Reflect  .   p - ring of flight
rCorr    +         Harm     .   (no ring)
MR       .....                  (no ring)
Stlth    ..........             (no ring)
HPRegen  0.11/turn              (no ring)
MPRegen  0.10/turn              (no ring)
                                (no ring)
                                (no ring)

@: berserking, lethally poisoned (-2 -> -5), resistant, flying, very quick
A: almost no armour, stealthy swim, amphibious, 8 rings, constrict 8, camouflage
1, gelatinous body 1
a: no special abilities


You were on level 2 of the Dungeon.
You were hungry.

You visited 1 branch of the dungeon, and saw 2 of its levels.

You collected 120 gold pieces.

Inventory:

Hand Weapons
 b - a +0 hunting sling
Missiles
 a - 12 arrows
 d - 88 stones (quivered)
 i - 2 needles of confusion
Jewellery
 l - a cursed amulet of inaccuracy (around mantle)
 p - a ring of flight (left tentacle)
Scrolls
 h - a scroll of identify
 j - a scroll of teleportation
Potions
 e - a potion of degeneration
 g - a potion of berserk rage
 k - a potion of flight
Books
 f - a book of Changes

   Spells                             Type                      Level
   a - Beastly Appendage              Transmutation                1
   b - Sticks to Snakes               Transmutation                2
   c - Spider Form                    Transmutation/Poison         3
   d - Ice Form                       Ice/Transmutation            4
   e - Blade Hands                    Transmutation                5
Comestibles
 c - 5 rations


   Skills:
 - Level 1.0 Fighting
 - Level 2.0 Dodging
 + Level 4.2 Unarmed Combat
 - Level 2.0 Spellcasting
 - Level 2.0 Transmutations


You had 5 spell levels left.
You knew the following spells:

 Your Spells              Type           Power        Failure   Level  Hunger
a - Beastly Appendage     Tmut           #.....       11%         1    ##.....


Dungeon Overview and Level Annotations

Branches:
Dungeon (2/15)

Altars:


Innate Abilities, Weirdness & Mutations

You cannot wear most types of armour.
You are very stealthy in the water. (Stealth+)
You are amphibious.
You can wear up to eight rings at the same time.
You can use your tentacles to constrict eight enemies at once.
Your skin changes colour to match your surroundings (Stealth+).
Your rubbery body absorbs attacks. (AC +1, EV +1)


Message History

You barely miss the adder. Your grab misses the adder.
The adder is lightly wounded.
The adder barely misses you.
You bludgeon the adder! Your grab misses the adder.
The adder is almost dead.
The adder barely misses you.
You miss the adder. Your grab misses the adder.
The adder is almost dead.
You feel sick.
You miss the adder. Your grab misses the adder.
The adder is almost dead.
The adder barely misses you.
You miss the adder. Your grab misses the adder.
The adder is almost dead.
The adder bites you.
* * * LOW HITPOINT WARNING * * *
You completely miss the adder. Your grab misses the adder.
The adder is almost dead.
The adder bites you.
You die...

######... .(
#........ .#
####.####.#. (# ...
#....#. (#..#
#.####. .#.<######.#
#. ###....#......#
##
...###.....##.######
## (.(.(.S@#####.#
#. .#####........#
#. ##.####### ####.
#.# #.... #(# #.[..
!.# #.... ### #####
# #


You could see an adder.

Vanquished Creatures
  A gnoll (D:1)
  A leopard gecko (D:1)
  3 bats (D:1)
  2 giant cockroaches (D:1)
  A goblin (D:1)
  3 hobgoblins
  3 frilled lizards
  2 kobolds (D:1)
  2 rats
18 creatures vanquished.

Notes
Turn   | Place    | Note
-------+----------+-------------------------------------------
     0 | D:1      | suicidejoker the Octopode Transmuter began the quest for the Orb.
     0 | D:1      | Reached XP level 1. HP: 13/13 MP: 3/3
   297 | D:1      | Reached XP level 2. HP: 17/18 MP: 5/5
   336 | D:1      | HP: 1/27 [gnoll/spear (1)]
   339 | D:1      | Reached skill level 4 in Unarmed Combat
  1063 | D:1      | Reached XP level 3. HP: 23/23 MP: 6/6
  1891 | D:2      | Slain by an adder

Skill      XL: |  1  2 |
---------------+-------+-----
Unarmed Combat | 4 |  4.2
Fighting       | |  1.0
Dodging        | |  2.0
Spellcasting   | |  2.0
Transmutations | |  2.0

Action                   || total
-------------------------++-------
Melee: Unarmed           ||    58
       Constrict         ||     4
       Tentacles         ||     3
 Fire: Hunting sling     ||    34
  Use: Potion            ||     6
       Scroll            ||     5
 Stab: Sleeping          ||     2
  Eat: Chunk             ||     2
Armor: Skin              ||     9
Dodge: Dodged            ||    28
